AoeStats
← Malcupa

Arena

509345189Analyzed
4v4 RM · 6d ago on Sep 26, 2026· 86m 57s· 8 players
Game mode
Random Map
Map size
Large (8 player)
Population
200
Speed
Normal
Resources
Standard
Victory
Conquest
Starting age
Dark Age
Ending age
Imperial Age
RankedLock teamsTeams togetherTeam positionsShared explorationLock speedFull tech treeHidden civsTurbo modeCheats
Victory
Defeat
🇨🇳 Danes · China
952
+17
🇿🇦 Teutons · South Africa
944
+18
🇨🇳 Saracens · China
923
+19
🇨🇳 Varangians · China
906
+19
🇹🇼 Britons · Taiwan
1020
-20
🇹🇼 Saxons · Taiwan
1005
-19
🇹🇼 Danes · Taiwan
1000
-19
🇹🇼 Cumans · Taiwan
897
-38
oguri cap
11:55 Feudal Age
15:27 Castle Age
13:48 Double-Bit Axe
13:45 Horse Collar
16:17 Bow Saw
16:11 Heavy Plow
17:50 Wheelbarrow
20:06 Loom
22:32 Gold Mining
24:18 Stone Mining
28:05 Imperial Age
26:11 Scale Barding Armor
26:17 Forging
27:22 Chain Barding Armor
28:33 Iron Casting
29:39 Gold Shaft Mining
29:52 Hand Cart
29:49 Husbandry
29:59 Bloodlines
30:49 Plate Barding Armor
31:15 Blast Furnace
29:39 Heavy Camel Rider
30:56 Town Watch
31:34 Conscription
31:25 Bimaristan
32:03 Town Patrol
32:17 Counterweights
31:56 Elite Mameluke
36:18 Caravan
39:14 Chemistry
38:35 Ballistics
38:21 Siege Engineers
45:15 Onager
75:03 Two-Man Saw
羽落S飘零
10:33 Feudal Age
15:26 Castle Age
14:14 Double-Bit Axe
23:15 Wheelbarrow
22:38 Horse Collar
23:20 Loom
23:51 Bow Saw
24:47 Hand Cart
24:38 Gold Mining
29:53 Imperial Age
28:14 Gold Shaft Mining
28:08 Forging
30:19 Iron Casting
29:45 Scale Mail Armor
29:55 Squires
29:41 Gambesons
29:46 Arson
30:45 Siege Engineers
32:06 Blast Furnace
30:43 Elite Varangian Guard
31:42 Heavy Plow
32:17 Conscription
31:26 Hamask
32:42 Elite Jomsviking
34:34 Hoardings
34:18 Fletching
34:42 Caravan
35:27 Masonry
36:59 Chain Mail Armor
39:29 Elite Skirmisher
40:16 Bodkin Arrow
40:22 Padded Archer Armor
41:30 Plate Mail Armor
41:02 Bracer
41:56 Leather Archer Armor
42:20 Thumb Ring
46:08 Ring Archer Armor
47:20 Northmen's Fury
47:38 Onager
49:19 Siege Onager
54:19 Chemistry
56:27 Ballistics
80:59 Man-at-Arms
82:11 Long Swordsman
83:01 Two-Handed Swordsman
83:58 Champion
Malcupa
0:26 Loom
11:55 Feudal Age
13:01 Horse Collar
13:08 Double-Bit Axe
14:02 Town Watch
15:23 Wheelbarrow
21:28 Castle Age
20:00 Gold Mining
20:02 Stone Mining
20:22 Fletching
20:46 Forging
20:23 Arson
20:40 Scale Mail Armor
22:16 Bodkin Arrow
24:54 Chain Mail Armor
27:56 Iron Casting
34:18 Hand Cart
36:38 Bow Saw
36:30 Heavy Plow
37:17 Masonry
38:23 Ballistics
38:58 Guard Tower
42:01 Fortified Wall
42:22 Squires
45:07 Imperial Age
46:00 Guilds
46:14 Conscription
46:27 Plate Mail Armor
47:09 Two-Man Saw
46:41 Crop Rotation
47:03 Fervor
47:14 Sanctity
48:17 Hoardings
48:04 Crenellations
49:50 Blast Furnace
50:53 Elite Teutonic Knight
51:40 Pikeman
59:40 Scale Barding Armor
61:17 Chain Barding Armor
62:15 Bloodlines
61:29 Cavalier
62:47 Plate Barding Armor
64:23 Chemistry
63:13 Arrowslits
64:03 Keep
63:34 Siege Engineers
63:09 Paladin
79:06 Halberdier
大表哥
10:43 Feudal Age
11:08 Loom
17:35 Castle Age
16:55 Double-Bit Axe
17:29 Horse Collar
19:03 Heavy Plow
20:36 Wheelbarrow
22:33 Gold Mining
22:35 Stone Mining
25:56 Town Watch
32:01 Imperial Age
30:02 Bow Saw
30:42 Forging
30:38 Scale Barding Armor
30:25 Fletching
31:30 Hand Cart
33:05 Iron Casting
32:51 Chain Barding Armor
32:33 Scale Mail Armor
32:38 Town Patrol
33:57 Ballistics
34:38 Chemistry
33:49 Masonry
33:35 Murder Holes
33:21 Treadmill Crane
34:53 Stone Shaft Mining
37:40 Crop Rotation
36:49 Elite Jarl
36:51 Gothikon
36:52 Vendel Legacy
37:53 Conscription
38:36 Guilds
38:57 Coinage
38:28 Caravan
39:08 Plate Barding Armor
39:34 Blast Furnace
38:30 Bodkin Arrow
38:36 Padded Archer Armor
38:51 Chain Mail Armor
40:11 Two-Man Saw
41:02 Squires
40:51 Arson
41:07 Elite Varangian Guard
44:05 Bloodlines
43:56 Husbandry
43:17 Cavalier
43:29 Light Cavalry
45:53 Pikeman
53:20 Capped Ram
55:45 Hussar
61:09 Plate Mail Armor
69:13 Siege Ram
69:14 Onager
69:15 Heavy Scorpion
69:19 Elite Skirmisher
71:19 Banking
71:07 Halberdier
74:41 Bracer
74:56 Leather Archer Armor
75:15 Architecture
74:51 Siege Engineers
74:58 Fortified Wall
danny83627danny83627
1:20 Loom
11:52 Feudal Age
15:47 Castle Age
14:19 Double-Bit Axe
15:40 Horse Collar
16:52 Bow Saw
24:00 Heavy Plow
30:00 Imperial Age
29:13 Ballistics
28:56 Squires
31:01 Scale Mail Armor
31:08 Siege Engineers
31:16 Onager
32:15 Hamask
32:46 Gambesons
32:46 Arson
32:24 Elite Varangian Guard
33:05 Siege Onager
35:04 Chemistry
34:56 Capped Ram
36:20 Chain Mail Armor
36:11 Siege Ram
37:22 Forging
38:35 Northmen's Fury
39:36 Conscription
39:42 Conscription
41:19 Plate Mail Armor
40:55 Elite Jomsviking
44:48 Iron Casting
52:00 Blast Furnace
61:24 Caravan
Gary038202
10:46 Feudal Age
14:39 Castle Age
12:30 Horse Collar
12:59 Double-Bit Axe
15:48 Heavy Plow
16:01 Bow Saw
23:37 Loom
28:19 Wheelbarrow
30:24 Imperial Age
28:41 Wheelbarrow
28:31 Ballistics
28:04 Fletching
28:19 Gold Mining
28:20 Stone Mining
28:24 Crossbowman
29:26 Fortified Wall
30:10 Gold Shaft Mining
29:39 Squires
30:11 Hand Cart
29:46 Elite Skirmisher
30:53 Yeomen
30:34 Bodkin Arrow
30:39 Padded Archer Armor
30:58 Elite Longbowman
33:26 Chemistry
32:32 Siege Engineers
33:42 Two-Man Saw
33:09 Bracer
32:54 Pikeman
33:03 Arbalester
34:01 Leather Archer Armor
35:46 Ring Archer Armor
36:51 Scale Barding Armor
36:57 Forging
37:09 Warwolf
37:30 Conscription
37:26 Light Cavalry
38:06 Husbandry
38:03 Halberdier
39:47 Scale Mail Armor
40:22 Iron Casting
48:41 Chain Mail Armor
64:53 Caravan
68:47 Plate Mail Armor
69:18 Blast Furnace
mzk_TsushimaRiko
10:42 Feudal Age
14:59 Castle Age
12:58 Double-Bit Axe
13:22 Horse Collar
21:03 Loom
23:35 Wheelbarrow
25:02 Bow Saw
24:41 Town Watch
25:26 Fletching
28:55 Imperial Age
27:36 Crossbowman
28:21 Thumb Ring
28:50 Bodkin Arrow
28:56 Padded Archer Armor
30:40 Leather Archer Armor
37:15 Cranequins
42:32 Heavy Mounted Crossbowman
46:04 Hand Cart
50:11 Ballistics
50:39 Leather Archer Armor
57:33 Two-Man Saw
64:38 Pikeman
65:18 Squires
67:54 Halberdier
kingsung
16:11 Loom
19:56 Feudal Age
18:59 Loom
25:20 Castle Age
25:50 Wheelbarrow
25:01 Town Watch
27:49 Double-Bit Axe
32:31 Caravan
41:31 Imperial Age
42:03 Hand Cart
41:49 Town Patrol
42:01 Elite Kipchak
43:03 Gold Mining
51:15 Heavy Cavalry Archer
52:28 Parthian Tactics
62:28 Fletching
62:39 Padded Archer Armor
62:50 Forging
74:04 Elite Steppe Lancer
80:27 Cavalier
Connection lost

Rejoining the realm…

Still unreachable

The connection could not be restored.

Session expired

The server has moved on; the page needs a fresh start.